 Dungeon Crawl Stone Soup version 0.27.1-3-gb3d3a73c9e (webtiles) character file.

Game seed: 5019101750710406230

14492 earthworldpsion the Cleaver (level 11, -8/102 HPs)
             Began as a Minotaur Berserker on Oct 20, 2021.
             Was an Elder of Trog.
             Mangled by a two-headed ogre (20 damage)
             ... on level 11 of the Dungeon.
             The game lasted 00:30:49 (12495 turns).

earthworldpsion the Cleaver (Minotaur Berserker)   Turns: 12495, Time: 00:30:50

Health: -8/102     AC: 16    Str: 26    XL:     11   Next: 89%
Magic:  10/10      EV:  9    Int:  4    God:    Trog [****..]
Gold:   443        SH:  2    Dex:  9    Spells: 10/10 levels left

rFire    . . .     SeeInvis .   J - +7 war axe (flame)
rCold    . . .     Faith    .   D - +0 buckler
rNeg     . . .     Spirit   .   h - +0 plate armour
rPois    .         Reflect  .   (helmet restricted)
rElec    .         Harm     .   (no cloak)
rCorr    .         Rampage  .   (no gloves)
Will     ++...                  l - +0 pair of boots
Stlth    ..........             (no amulet)
HPRegen  1.27/turn              (no ring)
MPRegen  0.12/turn              (no ring)

@: strong-willed, on berserk cooldown, regenerating, slowed, very slow
A: horns 2, retaliatory headbutt
a: Renounce Religion, Berserk, Trog's Hand, Brothers in Arms


You were on level 11 of the Dungeon.
You worshipped Trog.
Trog was greatly pleased with you.
You visited 1 branch of the dungeon, and saw 11 of its levels.

You collected 479 gold pieces.
You spent 36 gold pieces at shops.

Inventory:

Hand Weapons
 J - a +7 war axe of flaming (weapon)
 K - a +6 great sword of freezing
Missiles
 k - 79 poisoned darts
 I - a throwing net
Armour
 b - a +0 animal skin
 h - a +0 plate armour (worn)
 l - a +0 pair of boots (worn)
 B - a +2 ring mail of willpower
 D - a +0 buckler (worn)
Jewellery
 c - a ring of fire
 q - an amulet of magic regeneration
Wands
 p - a wand of iceblast (7)
 C - a wand of mindburst (11)
 E - a wand of paralysis (8)
 L - a wand of charming (9)
 N - a wand of flame (51) (quivered)
Scrolls
 e - 2 scrolls of vulnerability
 g - a scroll of fear {unknown}
 j - 2 scrolls of brand weapon
 m - 3 scrolls of teleportation
 o - a scroll of silence {unknown}
 r - a scroll of magic mapping {unknown}
 t - a scroll of blinking {unknown}
 y - a scroll of enchant armour {unknown}
 z - a scroll of holy word {unknown}
 F - 2 scrolls of fog
 G - 2 scrolls of immolation
Potions
 d - 6 potions of lignification {unknown}
 f - a potion of ambrosia
 i - 2 potions of mutation {unknown}
 n - 3 potions of cancellation
 s - a potion of might {unknown}
 u - 3 potions of curing
 v - 4 potions of haste
 w - 2 potions of berserk rage {unknown}
 x - 2 potions of degeneration
 A - a potion of invisibility {unknown}
 M - a potion of magic {unknown}
 O - 3 potions of flight {unknown}
 P - a potion of heal wounds


   Skills:
 + Level 11.3 Fighting
 + Level 11.3(12.3) Axes
 + Level 8.4(11.0) Maces & Flails
 + Level 11.0 Armour
 + Level 10.1 Dodging


You had 10 spell levels left.
You didn't know any spells.
Your spell library was empty.

Dungeon Overview and Level Annotations

Branches:
Dungeon (11/15)            Temple (0/1) D:4            Lair (0/6) D:9
    Orc: D:9-12

Altars:
Elyvilon
Qazlal
Sif Muna
Trog
Vehumet
Xom
Yredelemnul

Shops:
D:3 [   D:4 *   D:5 *[:(   D:7 ?

Annotations:
D:9 entrance to lair


Innate Abilities, Weirdness & Mutations

You have a pair of horns on your head.
You reflexively headbutt those who attack you in melee.


Message History

Your Armour skill increases to level 11!
You slice something!! You burn something. Trog accepts your kill.
Trog appreciates your killing of a magic user.
Reactivating autopickup.
You feel a bit more experienced. The orc hits you but does no damage.
The orc barely misses you.
A two-headed ogre comes into view.
It is wielding a +0 giant spiked club and a +0 giant club.
Things that are here:
a +0 dagger; a +0 robe; an orc corpse You closely miss the orc.
The two-headed ogre shouts in stereo!
You block the orc's attack.
You slash the orc! You burn the orc.
You kill the orc!
Trog accepts your kill.
Things that are here:
a +0 flail; 30 gold pieces Your skin crawls.
You feel strong-willed.
The two-headed ogre hits you with a +0 giant spiked club!
The two-headed ogre hits you with a +0 giant club!
You slash the two-headed ogre! You burn the two-headed ogre.
You headbutt the two-headed ogre!
The two-headed ogre is heavily wounded.
The two-headed ogre closely misses you. The two-headed ogre barely misses you.
Your shield and plate armour prevent you from hitting the two-headed ogre.
You headbutt the two-headed ogre.
The two-headed ogre is heavily wounded.
The two-headed ogre hits you with a +0 giant spiked club!!
* * * LOW HITPOINT WARNING * * *
The two-headed ogre closely misses you.
You slash the two-headed ogre! You burn the two-headed ogre.
The two-headed ogre is severely wounded.
The two-headed ogre misses you.
The two-headed ogre hits you but does no damage.
The two-headed ogre hits you with a +0 giant spiked club!
* * * LOW HITPOINT WARNING * * *
The two-headed ogre hits you with a +0 giant club!!
You die...

###.###.......#.....
#.............# . ..
#.###.#.......#
############..........
...(.......#........#.
........#..#........#
.
........#.)#........#
...!..=.)))).######.#
#.....O@))### .#
.....!..)..#
...........#
############


You could see a two-headed ogre.

Vanquished Creatures
  Snorg (D:10)
  A boulder beetle (D:10)
  4 hydras (D:11)
  Erica (D:8)
  A centaur warrior (D:10)
  A two-headed ogre (D:11)
  A komodo dragon (D:9)
  4 trolls
  A hornet (D:10)
  2 dream sheep (D:11)
  A meliai zombie (D:11)
  4 water elementals (D:10)
  A wyvern (D:10)
  Sigmund (D:5)
  9 yaks
  A steam dragon (D:9)
  Duvessa (D:7)
  4 water moccasins
  3 sky beasts
  5 orc warriors
  2 necrophages
  6 centaurs
  A phantom (D:4)
  5 kobold brigands
  4 bullfrogs
  Dowan (D:7)
  A wyvern skeleton (D:5)
  A water moccasin skeleton (D:6)
  16 killer bees
  4 wights (D:8)
  3 electric eels (D:9)
  A bullfrog zombie (D:6)
  4 hounds
  A jelly (D:6)
  5 orc priests
  A gnoll shaman (D:9)
  2 centaur zombies
  An iguana (D:6)
  8 orc wizards
  A killer bee zombie (D:9)
  A hound zombie (D:5)
  A hound skeleton (D:5)
  3 adders
  5 gnolls (D:9)
  A howler monkey skeleton (D:6)
  An ufetubus (D:4)
  An adder skeleton (D:4)
  A worm (D:3)
  4 dart slugs
  45 orcs
  5 bats
  6 endoplasms
  4 giant cockroaches
  5 goblins
  8 hobgoblins
  18 kobolds
  5 quokkas
  9 ball pythons
  2 frilled lizards (D:1)
  3 rats
243 creatures vanquished.

Vanquished Creatures (collateral kills)
  A two-headed ogre (D:10)
1 creature vanquished.

Vanquished Creatures (others)
  26 plants
26 creatures vanquished.

Grand Total: 270 creatures vanquished

Notes
Turn   | Place    | Note
-------+----------+-------------------------------------------
     0 | D:1      | earthworldpsion the Minotaur Berserker began the quest for
                  | the Orb.
     0 | D:1      | Reached XP level 1. HP: 19/19 MP: 0/0
   141 | D:1      | Reached XP level 2. HP: 27/27 MP: 1/1
   864 | D:2      | Reached ** piety under Trog
   970 | D:2      | Reached XP level 3. HP: 33/33 MP: 2/2
  1478 | D:3      | Reached XP level 4. HP: 16/41 MP: 3/3
  1901 | D:3      | Found Olaoxzit's Armour Shop.
  2449 | D:4      | Found Jikkem's Neck Hole.
  2589 | D:4      | Reached *** piety under Trog
  2755 | D:4      | Found a staircase to the Ecumenical Temple.
  2756 | D:4      | Noticed a phantom
  2764 | D:4      | Reached XP level 5. HP: 47/47 MP: 4/4
  2771 | D:4      | Killed a phantom
  2772 | D:4      | Reached skill level 5 in Fighting
  2772 | D:4      | Reached skill level 5 in Axes
  2917 | D:5      | Entered Level 5 of the Dungeon
  2924 | D:5      | Reached XP level 6. HP: 33/56 MP: 5/5
  3048 | D:5      | Noticed Sigmund
  3093 | D:5      | Killed Sigmund
  3194 | D:5      | Noticed a sky beast
  3215 | D:5      | Killed a sky beast
  3216 | D:5      | Reached skill level 5 in Armour
  3216 | D:5      | Reached XP level 7. HP: 46/62 MP: 6/6
  3369 | D:5      | Found Jukhleno's Book Emporium.
  3369 | D:5      | Found Irupos's General Store.
  3370 | D:5      | Found Gira's Weapon Emporium.
  3370 | D:5      | Found Fanabe's Armour Emporium.
  3393 | D:5      | Bought a scroll of teleportation for 36 gold pieces
  3438 | D:5      | Reached skill level 5 in Dodging
  3779 | D:6      | Reached XP level 8. HP: 57/71 MP: 7/7
  3985 | D:6      | Noticed a troll
  3993 | D:6      | Killed a troll
  4372 | D:6      | Reached **** piety under Trog
  4391 | D:6      | Found a radiant altar of Vehumet.
  4605 | D:6      | Identified the +8 whip of Destiny {vorpal, *Slow Fly Str+8
                  | Int-5}
  4607 | D:6      | Lost intelligence.
  5402 | D:7      | Noticed Duvessa
  5412 | D:7      | Reached skill level 1 in Maces & Flails
  5414 | D:7      | Reached XP level 9. HP: 81/81 MP: 8/8
  5424 | D:7      | Killed Duvessa
  5428 | D:7      | Noticed Dowan
  5457 | D:7      | Killed Dowan
  5482 | D:7      | Found a shimmering blue altar of Sif Muna.
  6115 | D:7      | Found Webimoa's Magic Scroll Shop.
  6258 | D:7      | Found a white marble altar of Elyvilon.
  6309 | D:7      | Found a bloodstained altar of Trog.
  6545 | D:8      | Found a shimmering altar of Xom.
  7029 | D:8      | Noticed Erica
  7046 | D:8      | HP: 2/82 [something/lance of force (7)]
  7057 | D:8      | Killed Erica
  7341 | D:8      | Reached XP level 10. HP: 87/91 MP: 9/9
  8195 | D:9      | Reached skill level 5 in Maces & Flails
  8878 | D:9      | Found a stormy altar of Qazlal.
  8908 | D:9      | Found a staircase to the Lair.
  9214 | D:9      | Found a basalt altar of Yredelemnul.
  9709 | D:10     | Entered Level 10 of the Dungeon
  9864 | D:10     | Noticed a boulder beetle
  9864 | D:10     | Noticed a two-headed ogre
  9877 | D:10     | Killed a two-headed ogre
  9878 | D:10     | Reached skill level 10 in Fighting
  9878 | D:10     | Reached skill level 10 in Axes
  9881 | D:10     | Killed a boulder beetle
 10068 | D:10     | Reached XP level 11. HP: 86/100 MP: 10/10
 10536 | D:10     | Noticed Snorg
 10553 | D:10     | Killed Snorg
 10554 | D:10     | Reached skill level 10 in Armour
 10886 | D:10     | Noticed a centaur warrior
 10905 | D:10     | Killed a centaur warrior
 11440 | D:10     | Identified the +0 mace of Veiplan {flame, Int+4}
 11595 | D:11     | Noticed a six-headed hydra
 11598 | D:11     | Killed a four-headed hydra
 11707 | D:11     | Noticed a three-headed hydra
 11712 | D:11     | Killed a one-headed hydra
 12027 | D:11     | Noticed a two-headed ogre
 12032 | D:11     | Killed a two-headed ogre
 12211 | D:11     | Noticed an eight-headed hydra
 12224 | D:11     | Killed a five-headed hydra
 12225 | D:11     | Reached skill level 10 in Dodging
 12457 | D:11     | Noticed an eight-headed hydra
 12465 | D:11     | Killed a five-headed hydra
 12487 | D:11     | Noticed a two-headed ogre
 12495 | D:11     | Mangled by a two-headed ogre

Illustrated notes

Levels and vault maps discovered:
D:1:      dpeg_arrival_refuge, layout_basic
D:2:      layout_loops_ring
D:3:      layout_basic, serial_shops, nicolae_shop_stone, st_stairs_6
D:4:      layout_rooms, minmay_temple_entry_statues_fountains,
          hangedman_abyss_or_decor_stagger, nicolae_shop_sticking_my_neck_out
D:5:      layout_rooms, serial_curves, eino_curves_03, eino_curves_03,
          minmay_shop_grid_forest, uniq_sigmund
D:6:      layout_loops_cross, kennysheep_mini_moat, kennysheep_pointless_box,
          chequers_serial_rivers_small_3, minmay_misc_feat_chi
D:7:      layout_loops_cross, trog_book, minitemple, serial_shops, shop,
          uniq_duvessa
D:8:      layout_basic, kennysheep_little_box, serial_shops,
          nicolae_take_the_stairs, grunt_decor_one_mirror,
          hangedman_decor_slide_cut, uniq_erica
D:9:      layout_irregular_city, general_overflow_altar,
          lemuel_zombie_altar_yredelemnul, david_lair_shrubbed, serial_bayou,
          serial_bayou_pond_c, serial_bayou_pond_e, serial_bayou_pond_c,
          serial_bayou_pond_a, amethyst_killhole, minivault_11
D:10:     layout_long_grid, nicolae_underground_beach, uniq_snorg
D:11:     layout_loops_cross, erik_orc_1, hangedman_ranch

Skill      XL: |  1  2  3  4  5  6  7  8  9 10 11 |
---------------+----------------------------------+-----
Axes           | 4 5 6 7 9 10 11 | 11.3
Fighting       | 4 5 6 7 9 10 11 | 11.3
Armour         | 3 4 5 6 7 8 9 11 | 11.0
Dodging        | 3 4 5 6 7 9 10 | 10.1
Maces & Flails | 1 4 6 8 |  8.4

Action                   |  1- 3 |  4- 6 |  7- 9 | 10-12 || total
-------------------------+-------+-------+-------+-------++-------
Melee: Hand axe          |    80 |   101 |   164 |       ||   345
       Headbutt          |     8 |    21 |    33 |    34 ||    96
       Whip              |       |       |     3 |       ||     3
       War axe           |       |       |    40 |   187 ||   227
Throw: Dart              |       |     7 |    21 |     1 ||    29
Invok: Berserk           |     1 |     2 |     6 |     9 ||    18
       Trog's Hand       |       |     1 |     4 |     5 ||    10
Evoke: Wand              |       |       |       |     2 ||     2
  Use: Scroll            |       |       |    12 |     3 ||    15
       Potion            |       |       |     3 |       ||     3
Armor: Plate armour      |    46 |    69 |   130 |   142 ||   387
       Animal skin       |     1 |       |       |       ||     1
Dodge: Dodged            |    30 |    40 |   104 |   107 ||   281
Block: Buckler           |       |       |     2 |    31 ||    33
